 Dungeon Crawl Stone Soup version 0.30-a0-1016-gfb0d676c02 (webtiles) character file.

Game seed: 13834715607219147118

1332 promet the Magician (level 8, -21/52 HPs)
             Began as an Octopode Hedge Wizard on Apr 6, 2023.
             Was an Initiate of Wu Jian.
             Demolished by a shadow (29 damage)
             ... on level 6 of the Dungeon.
             The game lasted 00:50:32 (10770 turns).

promet the Magician (Octopode Hedge Wizard)        Turns: 10770, Time: 00:50:33

Health: -21/52     AC:  6    Str: 12    XL:     8   Next: 61%
Magic:  15/17      EV: 13    Int: 18    God:    Wu Jian [......]
Gold:   312        SH:  0    Dex: 11    Spells: 9/19 levels left

rFire   + . .      SeeInvis .    a - +5 rapier
rCold   x . .      Faith    .    (no shield)
rNeg    . . .      Spirit   .    k - +1 hat
rPois   +          Reflect  .    (no amulet)
rElec   .          Rampage  .    m - ring of fire
rCorr   .                        n - +4 ring of protection
Will    ++...                    o - ring "Poddipn" {rPois Str+2}
Stlth   ++++                     A - ring of willpower
HPRegen 0.28/turn                G - ring of willpower
MPRegen 0.15/turn                (no ring)
                                 (no ring)
                                 (no ring)

@: about to teleport
A: almost no armour, amphibious, 8 rings, camouflage 1, gelatinous body 1,
(nimble swimmer 1), tentacles
a: Renounce Religion


You were on level 6 of the Dungeon.
You worshipped Wu Jian.
Wu Jian was noncommittal.
You visited 1 branch of the dungeon, and saw 6 of its levels.

You collected 469 gold pieces.
You spent 157 gold pieces at shops.

Inventory:

Hand Weapons
 a - a +5 rapier (weapon)
 b - a +0 shortbow
 e - a +1 spear of freezing
 g - a +1 short sword
 i - a +0 dagger of venom
 w - a +0 sling
 y - a +2 short sword of flaming
 B - a +2 vampiric trident
Missiles
 s - 31 stones (quivered)
Armour
 k - a +1 hat (worn)
Jewellery
 m - a ring of fire (left tentacle)
 n - a +4 ring of protection (right tentacle)
 o - the ring "Poddipn" (on tentacle) {rPois Str+2}
   (You acquired it on level 2 of the Dungeon)

   [ring of poison resistance]

   Str:       It affects your strength (+2).
   rPois:     It protects you from poison.
 t - a ring of fire
 A - a ring of willpower (on tentacle)
 G - a ring of willpower (on tentacle)
Scrolls
 d - 2 scrolls of amnesia
 j - 6 scrolls of teleportation
 C - a scroll of identify
 D - 2 scrolls of fear {unknown}
 E - a scroll of enchant weapon
 F - a scroll of magic mapping
Potions
 c - a potion of magic
 f - 3 potions of degeneration {unknown}
 h - a potion of berserk rage
 l - 2 potions of mutation
 p - 2 potions of might
 q - a potion of brilliance {unknown}
 r - 2 potions of invisibility {unknown}
 u - 5 potions of heal wounds {unknown}
 v - a potion of curing {unknown}
 x - a potion of haste {unknown}
 z - a potion of flight {unknown}


   Skills:
 * Level 3.5 Fighting
 + Level 0.4 Short Blades
 + Level 2.5 Polearms
 + Level 0.9 Ranged Weapons
 + Level 2.7 Dodging
 + Level 5.9 Stealth
 + Level 6.0 Spellcasting
 * Level 3.0 Conjurations
 + Level 1.7 Hexes
 + Level 3.6 Summonings
 + Level 1.1 Translocations
 + Level 0.1 Ice Magic


You had 9 spell levels left.
You knew the following spells:

 Your Spells              Type           Power      Damage    Failure   Level
a - Magic Dart            Conj           64%        1d6       3%          1
b - Freeze                Ice            20%        1d4       12%         1
c - Slow                  Hex            44%        N/A       6%          1
d - Blink                 Tloc           18%        N/A       12%         2
e - Call Imp              Summ           18%        N/A       4%          2
f - Hailstorm             Conj/Ice       11%        3d5       19%         3

Your spell library contained the following spells:

 Spells                   Type           Power      Damage    Failure   Level
 Necrotise                Necr           20%        1d5       12%         1
 Cigotuvi's Dreadful Rot  Necr/Pois/Air  10%        N/A       19%         2
 Stone Arrow              Conj/Erth      20%        3d8       19%         3
 Mephitic Cloud           Conj/Pois/Air  9%         N/A       24%         3
 Frozen Ramparts          Ice            10%        1d2       34%         3
 Vampiric Draining        Necr           5%         2d6       34%         3
 Agony                    Necr           5%         N/A       97%         5
 Lehudib's Crystal Spear  Conj/Erth      5%         10d3      100%        8
 Animate Armour           Summ/Erth      Unusable   N/A       N/A         4

Dungeon Overview and Level Annotations

Branches:
Dungeon (6/15)             Temple (0/1) D:5

Altars:
Nemelex Xobeh
Uskayaw
Wu Jian
Xom

Shops:
D:5 :   D:6 *


Innate Abilities, Weirdness & Mutations

You cannot wear most types of armour.
You are amphibious.
You can wear up to eight rings at the same time.
Your skin changes colour to match your surroundings (Stealth+).
Your rubbery body absorbs attacks. (AC +1, EV +1)
((You are camouflaged when in or above water. (Stealth+)))
You have tentacles for arms and can constrict up to eight enemies at once.


Message History

You close the door.
Casting: Magic Dart (safe; 3% risk of failure)
Confirm with . or Enter, or press ? or * to list all spells.
A beastly little devil appears in a puff of flame.
An orc wizard opens the door.
Your crimson imp blinks!
Your crimson imp hits the orc wizard.
Your crimson imp hits the orc wizard.
The orc wizard mumbles some strange words.
The orc wizard flickers and vanishes!
Deactivating autopickup; reactivate with Ctrl-A.
A puff of flame appears from out of thin air!
The puff of flame misses you.
Your crimson imp blinks!
The shadow slips into darkness.
The shadow flickers and vanishes!
There is an open door here.
You close the door.
Something unseen opens the door.
Your crimson imp easily resists.
An orc wizard comes into view. It is wielding a +0 dagger.
The shadow strikes at you from the darkness!
Reactivating autopickup.
Your crimson imp blinks!
The shadow slips into darkness.
The shadow flickers and vanishes!
Deactivating autopickup; reactivate with Ctrl-A.
As you read the scroll of teleportation, it crumbles to dust.
You feel strangely unstable.
The shadow strikes at you from the darkness!
Ouch! That really hurt!
* * * LOW HITPOINT WARNING * * *
Reactivating autopickup.
The shadow attacks as you move away! The shadow hits you.
The shadow slips into darkness.
The shadow flickers and vanishes!
Deactivating autopickup; reactivate with Ctrl-A.
The shadow strikes at you from the darkness!
Ouch! That really hurt!
You die...

### #.........# ...
+.........# ...
#.........# ...
#.........# +##
#.........#
..########.#
..#.......{##########
#.......#.........#
#.....@.#.....5...#
#########.........#
.................#
.###.....###o....#
####### ##....#
###'## #..# . '# #.#
##..# o. #.## ♣.♣
##...#


There were no monsters in sight!

Vanquished Creatures
  Menkaure (D:4)
  A centaur (D:4)
  2 phantoms
  A kobold brigand (D:5)
  Blork the orc (D:5)
  A scorpion (D:6)
  A crimson imp (D:4)
  2 hounds
  2 jellies (D:4)
  4 iguanas
  3 adders
  A white imp (D:4)
  An ufetubus (D:6)
  A worm (D:3)
  2 dart slugs
  6 orcs
  2 ball pythons
  4 endoplasms
  3 giant cockroaches
  10 goblins
  3 hobgoblins
  5 jackals (D:4)
  2 quokkas
  5 bats
  4 frilled lizards
  10 kobolds
  7 rats
85 creatures vanquished.

Vanquished Creatures (collateral kills)
  Eustachio (D:5)
  An ogre (D:4)
  A scorpion (D:6)
  2 orc wizards (D:4)
  4 adders
  A white imp (D:4)
  2 worms
  3 orcs
  2 ball pythons
  2 endoplasms (D:1)
  A giant cockroach (D:4)
  3 goblins
  A hobgoblin (D:3)
  4 jackals
  8 kobolds
  A bat (D:3)
  2 frilled lizards (D:2)
  3 rats
42 creatures vanquished.

Grand Total: 127 creatures vanquished

Notes
Turn   | Place    | Note
-------+----------+-------------------------------------------
     0 | D:1      | promet the Octopode Hedge Wizard began the quest for the
                  | Orb.
     0 | D:1      | Reached XP level 1. HP: 11/11 MP: 4/4
   491 | D:1      | Reached XP level 2. HP: 17/17 MP: 1/6
   728 | D:1      | Learned a level 1 spell: Freeze
   730 | D:1      | Learned a level 1 spell: Slow
   733 | D:1      | Learned a level 2 spell: Blink
   736 | D:1      | Learned a level 2 spell: Call Imp
  1886 | D:1      | Reached XP level 3. HP: 21/21 MP: 5/8
  3170 | D:2      | Identified a scroll of acquirement
  3170 | D:2      | Acquired the ring "Poddipn" {rPois Str+2}
  3845 | D:3      | Reached XP level 4. HP: 27/27 MP: 7/9
  4055 | D:3      | Noticed a phantom
  4076 | D:3      | Killed a phantom
  4077 | D:3      | Reached skill level 1 in Fighting
  4077 | D:3      | Reached skill level 4 in Spellcasting
  4077 | D:3      | Reached XP level 5. HP: 18/33 MP: 4/11
  4687 | D:3      | Found an ornate altar of the Wu Jian Council.
  4724 | D:3      | Became a worshipper of the Wu Jian Council
  4773 | D:3      | Reached skill level 1 in Polearms
  4925 | D:4      | Noticed Menkaure
  4974 | D:4      | Noticed an ogre
  5098 | D:4      | Learned a level 3 spell: Hailstorm
  5836 | D:4      | Killed Menkaure
  5837 | D:4      | Reached XP level 6. HP: 24/39 MP: 5/12
  6127 | D:4      | Reached skill level 5 in Stealth
  6223 | D:4      | Reached XP level 7. HP: 45/45 MP: 7/14
  6360 | D:4      | Reached skill level 1 in Hexes
  7411 | D:4      | Reached skill level 5 in Spellcasting
  8355 | D:5      | Entered Level 5 of the Dungeon
  8355 | D:5      | Found Radeesma's Self-Improvement Boutique.
  8475 | D:5      | Found a shimmering altar of Xom.
  8520 | D:5      | Noticed Blork the orc
  8532 | D:5      | Killed Blork the orc
  8533 | D:5      | Reached XP level 8. HP: 49/51 MP: 8/15
  8868 | D:5      | Found a staircase to the Ecumenical Temple.
  9153 | D:5      | Found a sparkling altar of Nemelex Xobeh.
  9451 | D:5      | Noticed Eustachio
  9643 | D:5      | Killed Eustachio
 10475 | D:6      | Found Istru's General Store.
 10500 | D:6      | Bought a scroll of teleportation for 45 gold pieces
 10500 | D:6      | Bought a scroll of enchant weapon for 112 gold pieces
 10664 | D:6      | Found a hide-covered altar of Uskayaw.
 10675 | D:6      | Reached skill level 6 in Spellcasting
 10733 | D:6      | Noticed a shadow
 10770 | D:6      | Demolished by a shadow

Illustrated notes

Levels and vault maps discovered:
D:1:      dpeg_arrival_another_circle, layout_basic,
          chequers_serial_rivers_micro_d
D:2:      layout_rooms, minmay_pentomino_u4
D:3:      layout_loops_ring, nicolae_wu_jian_wuxing_cycle,
          kennysheep_generic_room_5
D:4:      layout_layer_cave, ebering_dispersal_statue_hall,
          minmay_fire_ice_demons, uniq_menkaure
D:5:      layout_layer_cave, nemelex_xobeh_ov_fountains_minmay,
          amcnicky_altar_gilded, minmay_temple_entry_drinking_statues,
          nicolae_shop_self_help, uniq_eustachio, uniq_blork_the_orc
D:6:      layout_gridville, amethyst_overflow_temple_binary,
          mainiacjoe_overflow_tiny_flanked, enter_ossuary_5, serial_shops, shop

Skill      XL: |  1  2  3  4  5  6  7  8 |
---------------+-------------------------+-----
Stealth        | 3 4 5 |  5.9
Fighting       | 1 2 3 |  3.5
Spellcasting   | 4 5 6 |  6.0
Polearms       | 1 2 |  2.5
Summonings     | 2 3 |  3.6
Hexes          | 1 |  1.7
Conjurations   | 2 3 |  3.0
Short Blades   | |  0.4
Ranged Weapons | |  0.9
Dodging        | |  2.7
Translocations | |  1.1
Ice Magic      | |  0.1

Action                     |  1- 3 |  4- 6 |  7- 9 || total
---------------------------+-------+-------+-------++-------
  Melee: Dagger            |     8 |       |       ||     8
         Short sword       |     6 |       |       ||     6
         Trident           |    20 |    42 |    73 ||   135
         Constrict         |     6 |     6 |    16 ||    28
         Spear             |     2 |       |       ||     2
         Tentacles         |     1 |     5 |    20 ||    26
         Punch             |       |       |     2 ||     2
         Rapier            |       |       |     9 ||     9
   Fire: Sling             |    11 |       |       ||    11
         Shortbow          |       |       |    15 ||    15
  Throw: Stone             |       |       |     6 ||     6
   Cast: Magic Dart        |    44 |    26 |    37 ||   107
         Call Imp          |    15 |    19 |    36 ||    70
         Blink             |     3 |     2 |       ||     5
         Slow              |       |     9 |    20 ||    29
         Freeze            |       |     1 |     1 ||     2
         Hailstorm         |       |       |     2 ||     2
Ability: Lunge             |       |     1 |     4 ||     5
    Use: Scroll            |     9 |       |     5 ||    14
   Stab: Sleeping          |     4 |     3 |     3 ||    10
 Armour: Skin              |     7 |    11 |    32 ||    50
  Dodge: Dodged            |    27 |    23 |    55 ||   105

Table legend: (Time is in decaauts)
 A = Elapsed time spent in this place.
 B = Non-inter-level travel time spent in this place.
 C = Inter-level travel time spent in this place.
 D = Time resting spent in this place.
 E = Time spent auto-exploring this place.
 F = Levels seen in this place.
 G = Mean time per level.
                   A        B        C        D        E       F      G
               +--------+--------+--------+--------+--------+-----+--------+
         Total |  10805 |  10316 |    489 |   3966 |   2799 |   6 | 1800.8 |
       Dungeon |  10805 |  10316 |    489 |   3966 |   2799 |   6 | 1800.8 |
               +--------+--------+--------+--------+--------+-----+--------+

Top non-repeatable levels by time:
     D:1: 2834 daAuts
     D:4: 2773 daAuts
     D:3: 2063 daAuts
     D:5: 1826 daAuts
     D:2: 713 daAuts
     D:6: 593 daAuts
